 Dungeon Crawl Stone Soup version 0.28-a0-724-g66f9036eb4 (webtiles) character file.

Game seed: 7811384899084815626

920 meatgazer the Schismatic (level 7, 0/58 HPs)
             Began as a Demonspawn Abyssal Knight on Oct 26, 2021.
             Was an Elder of Lugonu.
             Slain by a black bear (3 damage)
             ... on level 3 of the Dungeon.
             The game lasted 00:09:20 (7206 turns).

meatgazer the Schismatic (DsAK)                     Turns: 7206, Time: 00:09:21

Health: 0/58       AC: 18    Str: 15    XL:     7   Next: 83%
Magic:  12/12      EV:  7    Int: 11    God:    Lugonu [****..]
Gold:   786        SH:  0    Dex: 14    Spells: 6/6 levels left

rFire   + . .      SeeInvis .   a - +1 falchion
rCold   + . .      Faith    .   (no shield)
rNeg    . . .      Spirit   .   c - +0 gold dragon scales
rPois   +          Reflect  .   (no helmet)
rElec   .          Harm     .   e - +0 cloak
rCorr   .          Rampage  .   (no gloves)
Will    .....                   (no boots)
Stlth   ..........              (no amulet)
HPRegen 0.19/turn               i - +4 ring of protection
MPRegen 0.26/turn               j - +4 ring of evasion

@: no status effects
A: powered by pain 1, magic regeneration, sturdy frame 2
a: Renounce Religion, Depart the Abyss, Bend Space, Banish, Corrupt


You were on level 3 of the Dungeon.
You worshipped Lugonu.
Lugonu was greatly pleased with you.
You visited 1 branch of the dungeon, and saw 5 of its levels.
You visited the Abyss 1 time.
You also visited: Sewer.

You collected 786 gold pieces.

Inventory:

Hand Weapons
 a - a +1 falchion (weapon)
Armour
 c - +0 gold dragon scales (worn)
 e - a +0 cloak (worn)
Jewellery
 g - a ring of positive energy
 i - a +4 ring of protection (left hand)
 j - a +4 ring of evasion (right hand)
 l - a ring of poison resistance
Scrolls
 k - a scroll of teleportation
Potions
 b - a potion of curing
 f - a potion of flight
 h - a potion of attraction
 o - a potion of brilliance {unknown}
Miscellaneous
 d - a condenser vane


   Skills:
 + Level 6.0 Fighting
 + Level 4.9 Long Blades
 - Level 2.0 Armour
 - Level 0.8 Dodging
 + Level 7.1 Invocations


You had 6 spell levels left.
You didn't know any spells.
Your spell library contained the following spells:

 Spells                   Type           Power      Damage    Failure   Level
 Animate Skeleton         Necr           0%         N/A       100%        1
 Pain                     Necr           0%         1d4       100%        1
 Vampiric Draining        Necr           0%         2d6       100%        3


Dungeon Overview and Level Annotations

Branches:
Dungeon (5/15)              Sewer (visited)
 Temple: D:4-7

Altars:

Shops:
D:2 (


Innate Abilities, Weirdness & Mutations

You sometimes gain a little power by taking damage.
You regenerate magic rapidly.
Your movements are less encumbered by armour. (ER -4)


Message History

The black bear is almost dead.
The black bear bites you but does no damage.
The black bear completely misses you. The black bear barely misses you.
The orc priest hits you but does no damage.
You hit the black bear but do no damage.
The black bear is almost dead.
The black bear bites you but does no damage.
The black bear claws you but does no damage.
The black bear claws you.
The orc priest hits you but does no damage.
The black bear barely misses you.
The black bear claws you but does no damage.
The black bear barely misses you.
You closely miss the black bear.
The black bear is almost dead.
The black bear bites you.
* * * LOW HITPOINT WARNING * * *
The black bear barely misses you.
The black bear claws you but does no damage.
The orc priest completely misses you. The black bear bites you!
* * * LOW HITPOINT WARNING * * *
The black bear closely misses you.
The black bear claws you but does no damage.
You closely miss the black bear.
The black bear is almost dead.
The orc priest closely misses you. The black bear closely misses you.
The black bear claws you but does no damage. x2
Your gold dragon scales prevents you from hitting the black bear.
The black bear is almost dead.
The black bear bites you.
* * * LOW HITPOINT WARNING * * *
The black bear claws you.
* * * LOW HITPOINT WARNING * * *
The black bear closely misses you.
The orc priest hits you but does no damage.
The black bear bites you but does no damage.
The black bear claws you.
* * * LOW HITPOINT WARNING * * *
The black bear claws you.
You die...

########## #......^.#
#........#####
#..........[.#
###............###
#@oc..............
#h#............#.#
#.#........#####..
#######.###########
##.
#........#####....###
#.
#........##.........#
#.
#........#####'##.#.#
#. #######.##
#.....#.# ## #.#
#.....#.# #


You could see a black bear (berserk), a centaur and an orc priest.

Vanquished Creatures
  A water moccasin (D:3)
  A necrophage (D:5)
  2 phantoms (D:5)
  A bullfrog (Sewer)
  A scorpion (D:5)
  A hound (D:5)
  A bullfrog skeleton (D:5)
  An orc priest (D:3)
  Crazy Yiuf (D:4)
  2 orc wizards (D:3)
  6 adders
  An ufetubus (D:3)
  2 worms
  3 dart slugs
  9 orcs
  4 bats
  22 endoplasms
  17 giant cockroaches
  6 goblins
  4 hobgoblins
  3 jackals (D:1)
  20 quokkas
  14 ball pythons
  14 frilled lizards
  10 kobolds
  5 rats
152 creatures vanquished.

Vanquished Creatures (collateral kills)
  A jelly (D:5)
  A gnoll (D:5)
  An ufetubus (D:5)
3 creatures vanquished.

Vanquished Creatures (others)
  An endoplasm (D:4)
  40 plants (D:1)
41 creatures vanquished.

Grand Total: 196 creatures vanquished

Notes
Turn   | Place    | Note
-------+----------+-------------------------------------------
     0 | Abyss:1  | meatgazer the Demonspawn Abyssal Knight began the quest for
                  | the Orb.
     0 | Abyss:1  | Reached XP level 1. HP: 18/18 MP: 2/2
    56 | Abyss:2  | Noticed a ynoxinul
    56 | D:1      | Escaped the Abyss
    57 | D:1      | Identified a scroll of acquirement
    57 | D:1      | Acquired 559 gold pieces
   371 | D:1      | Reached * piety under Lugonu
   477 | D:1      | Gained mutation: You regenerate magic rapidly. [demonic
                  | ancestry]
   477 | D:1      | Reached XP level 2. HP: 17/24 MP: 4/4
   602 | D:1      | Reached skill level 3 in Invocations
  1013 | D:1      | Reached XP level 3. HP: 28/29 MP: 5/5
  1125 | D:1      | Found a faded altar of an unknown god.
  1852 | D:2      | Found Naskoekk's Weapon Shop.
  2418 | D:3      | Reached ** piety under Lugonu
  2736 | D:3      | Reached XP level 4. HP: 37/37 MP: 6/6
  3323 | D:3      | Reached skill level 4 in Invocations
  3662 | D:4      | Noticed a black bear
  3665 | D:4      | You fall into a shaft and drop 1 floor!
  3665 | D:5      | Entered Level 5 of the Dungeon
  3740 | D:5      | Found a glowing drain.
  3758 | Sewer    | Entered a sewer
  3764 | Sewer    | Gained mutation: Your movements are slightly less
                  | encumbered by armour. (ER -2) [demonic ancestry]
  3764 | Sewer    | Reached XP level 5. HP: 42/42 MP: 8/8
  4182 | Sewer    | Reached *** piety under Lugonu
  5003 | Sewer    | Reached **** piety under Lugonu
  5065 | Sewer    | Reached skill level 5 in Invocations
  5065 | Sewer    | Gained mutation: You sometimes gain a little power by
                  | taking damage. [demonic ancestry]
  5065 | Sewer    | Reached XP level 6. HP: 44/49 MP: 9/9
  5412 | D:5      | Reached skill level 5 in Fighting
  5710 | D:5      | Reached skill level 6 in Invocations
  5710 | D:5      | Gained mutation: Your movements are less encumbered by
                  | armour. (ER -4) [demonic ancestry]
  5710 | D:5      | Reached XP level 7. HP: 48/56 MP: 11/11
  5985 | D:4      | Found a runed translucent door.
  5986 | D:4      | Noticed Crazy Yiuf
  5994 | D:4      | Killed Crazy Yiuf
  6347 | D:3      | Reached skill level 7 in Invocations
  7206 | D:3      | Slain by a black bear

Illustrated notes

Levels and vault maps discovered:
D:1:      giann_bridges, layout_basic, dilly_ecumenical_altar_fadedgnrine,
          chequers_serial_rivers_room_b, chequers_serial_rivers_small_3,
          serial_bayou_lagoon_a
D:2:      layout_loops_corners, serial_shops, shop
D:3:      layout_basic
D:4:      layout_rooms, temple_statues, uniq_crazy_yiuf_cottage
D:5:      layout_loops_corners, slow_altar_2, cheibrodos_sewer_entry_sluice,
          nicolae_specific_store, minmay_quadrilaterals

Skill      XL: |  1  2  3  4  5  6  7 |
---------------+----------------------+-----
Armour         | 2 |  2.0
Invocations    | 3 4 5 6 7 |  7.1
Long Blades    | 2 3 4 |  4.9
Fighting       | 4 5 6 |  6.0
Dodging        | |  0.8

Action                   |  1- 3 |  4- 6 |  7- 9 || total
-------------------------+-------+-------+-------++-------
Melee: Falchion          |   171 |   450 |    74 ||   695
Invok: Depart the Abyss  |     1 |       |       ||     1
Evoke: Condenser vane    |       |     1 |       ||     1
  Use: Scroll            |     4 |     4 |     4 ||    12
       Potion            |       |     1 |     2 ||     3
 Stab: Confused          |       |     4 |       ||     4
Armor: Gold dragon scale |   194 |   491 |    95 ||   780
Dodge: Dodged            |    15 |   124 |    57 ||   196

Table legend: (Time is in decaauts)
 A = Elapsed time spent in this place.
 B = Non-inter-level travel time spent in this place.
 C = Inter-level travel time spent in this place.
 D = Time resting spent in this place.
 E = Time spent auto-exploring this place.
 F = Levels seen in this place.
 G = Mean time per level.
                   A        B        C        D        E       F      G
               +--------+--------+--------+--------+--------+-----+--------+
         Total |   7392 |   7304 |     88 |   2752 |   3216 |   8 |  924.0 |
       Dungeon |   5872 |   5784 |     88 |   2204 |   2763 |   5 | 1174.4 |
         Abyss |     55 |     55 |      0 |      0 |     13 |   2 |   27.5 |
         Sewer |   1464 |   1464 |      0 |    548 |    440 |   1 | 1464.0 |
               +--------+--------+--------+--------+--------+-----+--------+

Top non-repeatable levels by time:
     D:3: 2187 daAuts
   Sewer: 1464 daAuts
     D:1: 1329 daAuts
     D:2: 1048 daAuts
     D:5: 962 daAuts
     D:4: 345 daAuts
 Abyss:2: 53 daAuts
 Abyss:1: 2 daAuts
